TOP OF THE 1ST |
Los Angeles Bruins batting - Pitching for Austin River Sharks : RHP José Martínez
|
Pitching: RHP José Martínez
|
|
Batting: LHB José Antonio Santiago
|
0-0: Fly out, F1 (Line Drive, 15)
|
Batting: SHB Ramón Lugo
|
0-0: Called Strike 0-1: Fly out, F8 (Flyball, 8LD)
|
Batting: RHB Rubén Calderón
|
0-0: Swinging Strike 0-1: Fly out, F9 (Flyball, 9M)
|
Top of the 1st over - 0 run(s), 0 hit(s), 0 error(s), 0 left on base; Los Angeles 0 - Austin 0 |
BOTTOM OF THE 1ST |
Austin River Sharks batting - Pitching for Los Angeles Bruins : LHP Ramiro Jiménez
|
Pitching: LHP Ramiro Jiménez
|
|
Batting: LHB Pedro Zaragoza
|
0-0: Fly out, F1 (Line Drive, 13)
|
Batting: RHB Edouard Padovano
|
0-0: Ball 1-0: Swinging Strike 1-1: Foul Ball, location: 2F 1-2: Ball 2-2: Foul Ball, location: 2F 2-2: Fly out, F3 (Popup, 34)
|
Batting: LHB Roberto García
|
0-0: Foul Ball, location: 2F 0-1: Ball 1-1: Ball 2-1: Foul Ball, location: 2F 2-2: Ground out 5-3 (Groundball, 5)
|
Bottom of the 1st over - 0 run(s), 0 hit(s), 0 error(s), 0 left on base; Los Angeles 0 - Austin 0 |
TOP OF THE 2ND |
Los Angeles Bruins batting - Pitching for Austin River Sharks : RHP José Martínez
|
Batting: LHB Richard Hunter
|
0-0: SINGLE (Groundball, 4MD)
|
Batting: RHB Morgan Gibbon
|
0-0: SINGLE (Groundball, 34S) Richard Hunter to second Runner from 2nd tries for 3rd, OUT!
|
Batting: SHB Zach Franks
|
0-0: Foul Ball, location: 2F 0-1: Ball 1-1: Ball 2-1: Foul Ball, location: 2F 2-2: 2-RUN HOME RUN (Line Drive, 9LD), Distance : 367 ft
|
Batting: LHB David Richardson
|
0-0: Called Strike 0-1: Called Strike 0-2: Ball 1-2: Ball 2-2: Ball 3-2: Strikes out swinging
|
Batting: SHB Miguel González
|
0-0: Called Strike 0-1: Foul Ball, location: 2F 0-2: Ball 1-2: Ground out 3-1 (Groundball, 34)
|
Top of the 2nd over - 2 run(s), 3 hit(s), 0 error(s), 0 left on base; Los Angeles 2 - Austin 0 |
BOTTOM OF THE 2ND |
Austin River Sharks batting - Pitching for Los Angeles Bruins : LHP Ramiro Jiménez
|
Batting: SHB Juan Castro
|
0-0: Ball 1-0: Ball 2-0: Fly out, F9 (Flyball, 89M)
|
Batting: RHB Rich Ruffin
|
0-0: Ground out 6-3 (Groundball, 6M)
|
Batting: RHB Kenneth Roberts
|
0-0: Ball 1-0: Ball 2-0: DOUBLE (Flyball, 78XD)
|
Batting: RHB Clark Hodge
|
0-0: Ball 1-0: Ball 2-0: Foul Ball, location: 2F 2-1: Foul Ball, location: 2F 2-2: Foul Ball, location: 2F 2-2: Strikes out swinging
|
Bottom of the 2nd over - 0 run(s), 1 hit(s), 0 error(s), 1 left on base; Los Angeles 2 - Austin 0 |
TOP OF THE 3RD |
Los Angeles Bruins batting - Pitching for Austin River Sharks : RHP José Martínez
|
Batting: RHB Mike Mills
|
0-0: Ball 1-0: Ball 2-0: Swinging Strike 2-1: Foul Ball, location: 2F 2-2: Ball 3-2: SOLO HOME RUN (Flyball, 8RXD), Distance : 420 ft
|
Batting: LHB José Antonio Santiago
|
0-0: Swinging Strike 0-1: Ball 1-1: SINGLE (Flyball, 78M)
|
Batting: SHB Ramón Lugo
|
0-0: Ball 1-0: Ball 2-0: Foul Ball, location: 2F 2-1: Foul Ball, location: 2F 2-2: Ball 3-2: Grounds into double play, U4-3 (Groundball, 4)
|
Batting: RHB Rubén Calderón
|
0-0: Called Strike 0-1: Ball 1-1: Ball 2-1: Swinging Strike 2-2: Strikes out swinging
|
Top of the 3rd over - 1 run(s), 2 hit(s), 0 error(s), 0 left on base; Los Angeles 3 - Austin 0 |
BOTTOM OF THE 3RD |
Austin River Sharks batting - Pitching for Los Angeles Bruins : LHP Ramiro Jiménez
|
Batting: LHB Terry Maloney
|
0-0: Ground out U3 (Groundball, 3L)
|
Batting: RHB Carlos Guzmán
|
0-0: Called Strike 0-1: Ball 1-1: Swinging Strike 1-2: Ball 2-2: DOUBLE (Flyball, 9LD)
|
Batting: LHB Pedro Zaragoza
|
0-0: Swinging Strike 0-1: Ground out 3-1 (Groundball, 34) Carlos Guzmán to third
|
Batting: RHB Edouard Padovano
|
0-0: Ball 1-0: Foul Ball, location: 2F 1-1: Called Strike 1-2: Ball 2-2: SINGLE (Groundball, 13) (infield hit) Carlos Guzmán scores
|
Batting: LHB Roberto García
|
0-0: Foul Ball, location: 2F 0-1: Foul Ball, location: 2F 0-2: Foul Ball, location: 2F 0-2: Ball 1-2: Ground out 4-3 (Groundball, 4S)
|
Bottom of the 3rd over - 1 run(s), 2 hit(s), 0 error(s), 1 left on base; Los Angeles 3 - Austin 1 |
TOP OF THE 4TH |
Los Angeles Bruins batting - Pitching for Austin River Sharks : RHP José Martínez
|
Batting: LHB Richard Hunter
|
0-0: Ball 1-0: Ground out 6-3 (Groundball, 6M)
|
Batting: RHB Morgan Gibbon
|
0-0: Ball 1-0: Called Strike 1-1: DOUBLE (Line Drive, 7D)
|
Batting: SHB Zach Franks
|
0-0: Ball 1-0: Called Strike 1-1: Swinging Strike 1-2: Fly out, F6 (Popup, 56)
|
Batting: LHB David Richardson
|
0-0: DOUBLE (Flyball, 8RXD) Morgan Gibbon scores
|
Batting: SHB Miguel González
|
0-0: Called Strike 0-1: Swinging Strike 0-2: Ball 1-2: Ball 2-2: Ball 3-2: Foul Ball, location: 2F 3-2: DOUBLE (Line Drive, 7LM) David Richardson scores
|
Batting: RHB Mike Mills
|
0-0: Foul Ball, location: 2F 0-1: Called Strike 0-2: Ball 1-2: Strikes out swinging
|
Top of the 4th over - 2 run(s), 3 hit(s), 0 error(s), 1 left on base; Los Angeles 5 - Austin 1 |
BOTTOM OF THE 4TH |
Austin River Sharks batting - Pitching for Los Angeles Bruins : LHP Ramiro Jiménez
|
Batting: SHB Juan Castro
|
0-0: Ball 1-0: Called Strike 1-1: Ball 2-1: Called Strike 2-2: Ball 3-2: Ground out 4-3 (Groundball, 34)
|
Batting: RHB Rich Ruffin
|
0-0: Swinging Strike 0-1: Ball 1-1: SINGLE (Line Drive, 9LS)
|
Batting: RHB Kenneth Roberts
|
0-0: Ball 1-0: Swinging Strike 1-1: Ball 2-1: Swinging Strike 2-2: Ball 3-2: Fly out, F9 (Flyball, 89D)
|
Batting: RHB Clark Hodge
|
0-0: Ball 1-0: Swinging Strike 1-1: Fly out, F8 (Flyball, 8RM)
|
Bottom of the 4th over - 0 run(s), 1 hit(s), 0 error(s), 1 left on base; Los Angeles 5 - Austin 1 |
TOP OF THE 5TH |
Los Angeles Bruins batting - Pitching for Austin River Sharks : RHP José Martínez
|
Batting: LHB José Antonio Santiago
|
0-0: Ball 1-0: Called Strike 1-1: Ball 2-1: Ball 3-1: Base on Balls
|
Batting: SHB Ramón Lugo
|
0-0: Ball 1-0: Ball 2-0: Fly out, F8 (Flyball, 8LM)
|
Batting: RHB Rubén Calderón
|
0-0: Called Strike José Antonio Santiago is caught stealing 2nd base 0-1: Foul Ball, location: 2F 0-2: Ball 1-2: SOLO HOME RUN (Flyball, 78XD), Distance : 396 ft
|
Batting: LHB Richard Hunter
|
0-0: Foul Ball, location: 2F 0-1: SINGLE (Flyball, 7LS)
|
Batting: RHB Morgan Gibbon
|
0-0: Ground out 6-3 (Groundball, 6)
|
Top of the 5th over - 1 run(s), 2 hit(s), 0 error(s), 1 left on base; Los Angeles 6 - Austin 1 |
BOTTOM OF THE 5TH |
Austin River Sharks batting - Pitching for Los Angeles Bruins : LHP Ramiro Jiménez
|
Batting: LHB Terry Maloney
|
0-0: Fly out, F7 (Popup, 7S)
|
Batting: RHB Carlos Guzmán
|
0-0: Ball 1-0: Called Strike 1-1: Fly out, F8 (Flyball, 8RD)
|
Batting: LHB Pedro Zaragoza
|
0-0: Ball 1-0: Bunted foul 1-1: Ground out 6-3 (Groundball, 6M)
|
Bottom of the 5th over - 0 run(s), 0 hit(s), 0 error(s), 0 left on base; Los Angeles 6 - Austin 1 |
TOP OF THE 6TH |
Los Angeles Bruins batting - Pitching for Austin River Sharks : RHP José Martínez
|
Batting: SHB Zach Franks
|
0-0: Ball 1-0: Called Strike 1-1: Swinging Strike 1-2: Foul Ball, location: 2F 1-2: Ball 2-2: Ball 3-2: SINGLE (Flyball, 8RS)
|
Batting: LHB David Richardson
|
0-0: Ball 1-0: SINGLE (Groundball, 4) Zach Franks to second Runner from 2nd tries for 3rd, SAFE, throw made to third
|
Batting: SHB Miguel González
|
0-0: Ball Throwing error on steal attempt, E2 Zach Franks scores David Richardson to third 1-0: Ball 2-0: Called Strike 2-1: Ball 3-1: Base on Balls
|
Pitching: RHP Sam MacIntyre
|
|
Batting: RHB Mike Mills
|
0-0: Called Strike 0-1: Ball 1-1: SINGLE (Groundball, 25) (infield hit) Miguel González to second
|
Batting: LHB José Antonio Santiago
|
0-0: Ball 1-0: Called Strike 1-1: Foul Ball, location: 2F 1-2: GRAND SLAM HOME RUN (Flyball, 89XD), Distance : 392 ft
|
Batting: SHB Ramón Lugo
|
0-0: Swinging Strike 0-1: Called Strike 0-2: Strikes out swinging
|
Batting: RHB Rubén Calderón
|
0-0: Ball 1-0: Called Strike 1-1: Ground out 5-3 (Groundball, 5S)
|
Batting: LHB Richard Hunter
|
0-0: Ball 1-0: Foul Ball, location: 2F 1-1: Ball 2-1: DOUBLE (Line Drive, 9LM)
|
Pinch Hitting: LHB Damon Mitchell
|
0-0: Foul Ball, location: 2F 0-1: SINGLE (Groundball, 56D) Richard Hunter to third Runner from 3rd tries for Home, SAFE, no throw or cutoff
|
Pitching: RHP Luis Antonio Martínez
|
|
Batting: SHB Zach Franks
|
0-0: Ball 1-0: Ball 2-0: Ball 3-0: Base on Balls Damon Mitchell to second
|
Batting: LHB David Richardson
|
0-0: Ball 1-0: Ball 2-0: Called Strike 2-1: Swinging Strike 2-2: Foul Ball, location: 2F 2-2: Ball 3-2: Foul Ball, location: 2F 3-2: Foul Ball, location: 2F 3-2: Strikes out swinging
|
Top of the 6th over - 6 run(s), 6 hit(s), 1 error(s), 2 left on base; Los Angeles 12 - Austin 1 |
BOTTOM OF THE 6TH |
Austin River Sharks batting - Pitching for Los Angeles Bruins : LHP Ramiro Jiménez
|
Now at SS: Damon Mitchell
|
|
Batting: RHB Edouard Padovano
|
0-0: Ground out 5-3 (Groundball, 56)
|
Batting: LHB Roberto García
|
0-0: Foul Ball, location: 2F 0-1: Ball 1-1: Swinging Strike 1-2: Ground out 5-3 (Groundball, 5S)
|
Batting: SHB Juan Castro
|
0-0: Ball 1-0: Called Strike 1-1: Fly out, F6 (Line Drive, 6)
|
Bottom of the 6th over - 0 run(s), 0 hit(s), 0 error(s), 0 left on base; Los Angeles 12 - Austin 1 |
TOP OF THE 7TH |
Los Angeles Bruins batting - Pitching for Austin River Sharks : RHP Luis Antonio Martínez
|
Batting: SHB Miguel González
|
0-0: Ball 1-0: Called Strike 1-1: Fly out, F8 (Flyball, 8RXD)
|
Batting: RHB Mike Mills
|
0-0: Called Strike 0-1: Ball 1-1: Called Strike 1-2: Foul Ball, location: 2F 1-2: Ball 2-2: Strikes out swinging
|
Batting: LHB José Antonio Santiago
|
0-0: Called Strike 0-1: Swinging Strike 0-2: Foul Ball, location: 2F 0-2: SINGLE (Flyball, 9S)
|
Batting: SHB Ramón Lugo
|
0-0: Ball 1-0: Ball 2-0: Called Strike 2-1: Foul Ball, location: 2F 2-2: Strikes out swinging
|
Top of the 7th over - 0 run(s), 1 hit(s), 0 error(s), 1 left on base; Los Angeles 12 - Austin 1 |
BOTTOM OF THE 7TH |
Austin River Sharks batting - Pitching for Los Angeles Bruins : LHP Ramiro Jiménez
|
Batting: RHB Rich Ruffin
|
0-0: Foul Ball, location: 2F 0-1: Ground out 6-3 (Groundball, 6)
|
Batting: RHB Kenneth Roberts
|
0-0: Swinging Strike 0-1: Ball 1-1: Ball 2-1: Fly out, F3 (Popup, 34)
|
Batting: RHB Clark Hodge
|
0-0: Swinging Strike 0-1: Foul Ball, location: 2F 0-2: Foul Ball, location: 2F 0-2: Ground out 3-1 (Groundball, 34S)
|
Bottom of the 7th over - 0 run(s), 0 hit(s), 0 error(s), 0 left on base; Los Angeles 12 - Austin 1 |
TOP OF THE 8TH |
Los Angeles Bruins batting - Pitching for Austin River Sharks : RHP Luis Antonio Martínez
|
Batting: RHB Rubén Calderón
|
0-0: Ground out 6-3 (Groundball, 6)
|
Batting: LHB Richard Hunter
|
0-0: Ball 1-0: Ball 2-0: Called Strike 2-1: Swinging Strike 2-2: Foul Ball, location: 2F 2-2: Strikes out swinging
|
Batting: LHB Damon Mitchell
|
0-0: Called Strike 0-1: Ball 1-1: Swinging Strike 1-2: Ball 2-2: Ball 3-2: Strikes out looking
|
Top of the 8th over - 0 run(s), 0 hit(s), 0 error(s), 0 left on base; Los Angeles 12 - Austin 1 |
BOTTOM OF THE 8TH |
Austin River Sharks batting - Pitching for Los Angeles Bruins : LHP Ramiro Jiménez
|
Pinch Hitting: RHB José Balina
|
0-0: Called Strike 0-1: Ball 1-1: Ball 2-1: Ball 3-1: Ground out 1-3 (Groundball, 13S)
|
Batting: RHB Carlos Guzmán
|
0-0: Foul Ball, location: 2F 0-1: Swinging Strike 0-2: Ball 1-2: Fly out, F5 (Line Drive, 5L)
|
Batting: LHB Pedro Zaragoza
|
0-0: Ball 1-0: Ball 2-0: SINGLE (Groundball, 25) (infield hit)
|
Batting: RHB Edouard Padovano
|
0-0: Swinging Strike 0-1: Foul Ball, location: 2F 0-2: Ball 1-2: Foul Ball, location: 2F 1-2: Ball 2-2: Ball 3-2: Ground out 6-3 (Groundball, 6)
|
Bottom of the 8th over - 0 run(s), 1 hit(s), 0 error(s), 1 left on base; Los Angeles 12 - Austin 1 |
TOP OF THE 9TH |
Los Angeles Bruins batting - Pitching for Austin River Sharks : RHP Luis Antonio Martínez
|
Now in LF: José Balina
|
|
Batting: SHB Zach Franks
|
0-0: Ball 1-0: Ball 2-0: Called Strike 2-1: Foul Ball, location: 2F 2-2: Ball 3-2: Ground out U3 (Groundball, 3)
|
Pitching: RHP Soichiro Ikeda
|
|
Batting: LHB David Richardson
|
0-0: Called Strike 0-1: Swinging Strike 0-2: Foul Ball, location: 2F 0-2: DOUBLE (Line Drive, 9LS)
|
Batting: SHB Miguel González
|
0-0: Ball 1-0: Foul Ball, location: 2F 1-1: Called Strike 1-2: Ball 2-2: Ball 3-2: SINGLE (Line Drive, 89S) David Richardson to third
|
Batting: RHB Mike Mills
|
0-0: Ball 1-0: Ball 2-0: Swinging Strike 2-1: Foul Ball, location: 2F 2-2: Foul Ball, location: 2F 2-2: Ground out 5-3 (Groundball, 5S) David Richardson scores Miguel González to second
|
Batting: LHB José Antonio Santiago
|
0-0: Ball 1-0: Swinging Strike 1-1: DOUBLE (Line Drive, 89D) Miguel González scores
|
Batting: SHB Ramón Lugo
|
0-0: Ball 1-0: Ball 2-0: Foul Ball, location: 2F 2-1: Foul Ball, location: 2F 2-2: Foul Ball, location: 2F 2-2: Ball 3-2: SINGLE (Groundball, 4MD) José Antonio Santiago to third José Antonio Santiago scores
|
Batting: RHB Rubén Calderón
|
0-0: Called Strike 0-1: Called Strike 0-2: Foul Ball, location: 2F 0-2: Strikes out swinging
|
Top of the 9th over - 3 run(s), 4 hit(s), 0 error(s), 1 left on base; Los Angeles 15 - Austin 1 |
BOTTOM OF THE 9TH |
Austin River Sharks batting - Pitching for Los Angeles Bruins : LHP Ramiro Jiménez
|
Batting: LHB Roberto García
|
0-0: Foul Ball, location: 2F 0-1: Foul Ball, location: 2F 0-2: Ball 1-2: SINGLE (Flyball, 7LM)
|
Batting: SHB Juan Castro
|
0-0: Fielders Choice at 2nd, 1-6 (Groundball, 25)
|
Batting: RHB Rich Ruffin
|
0-0: Swinging Strike 0-1: Ball 1-1: Foul Ball, location: 2F 1-2: Ball 2-2: Strikes out swinging
|
Batting: RHB Kenneth Roberts
|
0-0: Called Strike 0-1: Fly out, F6 (Popup, 6MD)
|
Bottom of the 9th over - 0 run(s), 1 hit(s), 0 error(s), 1 left on base; Los Angeles 15 - Austin 1 |
|